[ AOE2 MATCH · #461761804 ]
Team RMPoles vs Burgundians
[ REPLAY ANALYSIS · EXTRACTED FROM THE RECORDED GAME ]
Feudal
15:15
Castle
19:19
Imperial
50:22
| APM avg | 18.1 |
| APM peak | 72 |
| eAPM avg | 10.9 |
| Villagers / military | 142 / 73 |
Focus
⚔️ 27.3% · 🌾 72.7%
Knight ×38 · Scout Cavalry ×15 · Trade Cart ×11 · Obuch ×8 · Cavalry Archer ×7 · Mangonel ×4
Feudal
12:22
Castle
20:34
Imperial
43:13
| APM avg | 14.2 |
| APM peak | 31 |
| eAPM avg | 9.0 |
| Villagers / military | 99 / 245 |
Focus
⚔️ 44.0% · 🌾 56.0%
Woad Raider ×109 · Spearman ×64 · Militia ×35 · Battering Ram ×28 · Trebuchet (Packed) ×4 · Mangonel ×3
Feudal
—
Castle
—
Imperial
—
| APM avg | 0.0 |
| APM peak | 3 |
| eAPM avg | 0.0 |
| Villagers / military | 0 / 0 |
Feudal
14:00
Castle
26:45
Imperial
45:20
| APM avg | 38.0 |
| APM peak | 98 |
| eAPM avg | 20.8 |
| Villagers / military | 144 / 251 |
Focus
⚔️ 27.6% · 🌾 72.4%
Mangudai ×119 · Scout Cavalry ×71 · Steppe Lancer ×31 · Mangonel ×17 · Trade Cart ×11 · Trebuchet (Packed) ×6
Match map
Initial resources + every placement click. Lines = walls · curves = elevation contours. ◆ gold · ⬟ stone · ● berries · ✦ relic · ◌ wall gap
Your base· ✓ Closed at 19:19 · 32t walls · no gate
Setroc's base· ✓ Closed at 20:34 · 81t walls · no gate
buraktan86's base· ✓ Closed at 12:00 · 0t walls · no gate
Arcanis's base· ✓ Closed at 26:45 · 16t walls · 1 gate(s)
Smoothed initial terrain · ◌ = detected wall gap · hover for details
Inputs per minute
— GRONEMALAGA - - Setroc
Build order — GRONEMALAGA
First 150 of 406 actions detected
| 0:03 | Build | House |
| 0:05 | Build | House |
| 0:05 | Create | Villager (Male) |
| 0:08 | Research | Loom |
| 0:10 | Create | Villager (Male) |
| 0:10 | Create | Villager (Male) |
| 0:10 | Create | Villager (Male) |
| 0:11 | Create | Villager (Male) |
| 0:34 | Build | Palisade Wall |
| 1:53 | Create | Villager (Male) |
| 2:01 | Build | House |
| 2:14 | Build | House |
| 2:16 | Build | House |
| 2:37 | Create | Villager (Male) |
| 3:35 | Create | Villager (Male) |
| 3:54 | Create | Villager (Male) |
| 5:32 | Create | Villager (Male) |
| 6:03 | Create | Villager (Male) |
| 6:19 | Create | Villager (Male) |
| 6:34 | Create | Villager (Male) |
| 7:16 | Create | Villager (Male) |
| 7:43 | Create | Villager (Male) |
| 8:24 | Build | Mill |
| 8:28 | Create | Villager (Male) |
| 8:58 | Create | Villager (Male) |
| 9:14 | Create | Villager (Male) |
| 9:39 | Create | Villager (Male) |
| 10:26 | Build | Lumber Camp |
| 10:54 | Create | Villager (Male) |
| 11:22 | Create | Villager (Male) |
| 11:26 | Create | Villager (Male) |
| 11:35 | Create | Villager (Male) |
| 11:53 | Build | Mining Camp |
| 12:34 | Create | Villager (Male) |
| 13:05 | Research | Feudal Age |
| 14:32 | Build | Farm |
| 14:33 | Build | Farm |
| 14:34 | Build | Farm |
| 14:44 | Build | House |
| 14:45 | Build | House |
| 15:15 | Age | Feudal Age |
| 15:46 | Build | Market |
| 15:51 | Build | Blacksmith |
| 16:23 | Build | Stone Wall |
| 16:29 | Build | Mining Camp |
| 16:39 | Research | Castle Age |
| 16:54 | Build | Farm |
| 16:55 | Build | Farm |
| 17:01 | Build | Farm |
| 17:04 | Create | Villager (Male) |
| 17:04 | Create | Villager (Male) |
| 17:56 | Research | Double-Bit Axe |
| 18:00 | Research | Horse Collar |
| 18:41 | Research | Wheelbarrow |
| 18:42 | Create | Villager (Male) |
| 19:04 | Build | Stone Wall |
| 19:19 | Age | Castle Age |
| 19:26 | Build | Town Center |
| 19:46 | Research | Bow Saw |
| 20:36 | Build | Gate |
| 20:50 | Create | Villager (Male) |
| 20:55 | Create | Villager (Male) |
| 21:47 | Build | Town Center |
| 21:59 | Build | Gate |
| 22:06 | Create | Villager (Male) |
| 22:06 | Create | Villager (Male) |
| 22:23 | Research | Heavy Plow |
| 22:43 | Build | Barracks |
| 22:46 | Create | Villager (Male) |
| 22:47 | Create | Villager (Male) |
| 23:20 | Build | Palisade Gate |
| 23:27 | Create | Villager (Male) |
| 23:28 | Create | Villager (Male) |
| 23:31 | Create | Villager (Male) |
| 23:41 | Build | House |
| 23:42 | Build | House |
| 23:43 | Build | House |
| 23:55 | Build | Monastery |
| 24:16 | Create | Villager (Male) |
| 24:16 | Create | Villager (Male) |
| 24:16 | Create | Villager (Male) |
| 24:25 | Build | Stable |
| 24:33 | Create | Monk |
| 24:47 | Research | Caravan |
| 24:50 | Create | Trade Cart |
| 24:51 | Create | Trade Cart |
| 24:55 | Create | Villager (Male) |
| 24:55 | Create | Villager (Male) |
| 24:55 | Create | Villager (Male) |
| 25:23 | Build | Town Center |
| 25:36 | Build | Archery Range |
| 25:41 | Create | Villager (Male) |
| 25:41 | Create | Villager (Male) |
| 25:41 | Create | Villager (Male) |
| 26:13 | Build | Stone Wall |
| 26:20 | Research | Pikeman (upgrade) |
| 26:23 | Create | Knight |
| 26:23 | Create | Knight |
| 26:23 | Create | Knight |
| 26:24 | Create | Knight |
| 26:52 | Create | Cavalry Archer |
| 26:53 | Create | Cavalry Archer |
| 26:53 | Create | Cavalry Archer |
| 26:53 | Create | Cavalry Archer |
| 26:54 | Create | Cavalry Archer |
| 26:54 | Create | Cavalry Archer |
| 26:58 | Create | Villager (Male) |
| 26:58 | Create | Villager (Male) |
| 26:58 | Create | Villager (Male) |
| 27:22 | Build | Siege Workshop |
| 27:52 | Create | Villager (Male) |
| 27:52 | Create | Villager (Male) |
| 27:52 | Create | Villager (Male) |
| 28:02 | Build | Stone Wall |
| 28:08 | Build | Stone Wall |
| 28:15 | Create | Mangonel |
| 28:15 | Create | Mangonel |
| 28:28 | Build | Stone Wall |
| 28:45 | Create | Cavalry Archer |
| 28:48 | Create | Knight |
| 28:48 | Create | Knight |
| 29:39 | Build | Stable |
| 29:44 | Create | Knight |
| 29:45 | Create | Knight |
| 29:45 | Create | Knight |
| 30:02 | Build | Town Center |
| 30:21 | Research | Stone Mining |
| 30:56 | Build | Siege Workshop |
| 30:58 | Create | Villager (Male) |
| 30:58 | Create | Villager (Male) |
| 30:58 | Create | Villager (Male) |
| 31:28 | Create | Knight |
| 31:28 | Create | Knight |
| 31:29 | Create | Knight |
| 31:33 | Create | Mangonel |
| 31:33 | Create | Mangonel |
| 33:47 | Build | Market |
| 34:02 | Create | Villager (Male) |
| 34:02 | Create | Villager (Male) |
| 34:02 | Create | Villager (Male) |
| 34:03 | Create | Villager (Male) |
| 34:24 | Build | Town Center |
| 34:45 | Build | Farm |
| 34:45 | Build | Farm |
| 34:45 | Build | Farm |
| 34:45 | Build | Farm |
| 34:46 | Build | Farm |
| 34:46 | Build | Farm |
| 36:32 | Create | Villager (Male) |
| 36:36 | Build | House |
Build order — Setroc
First 150 of 334 actions detected
| 0:01 | Create | Villager (Male) ×4 |
| 0:04 | Build | House |
| 0:35 | Build | Palisade Wall |
| 1:37 | Research | Loom |
| 1:51 | Build | House |
| 2:40 | Create | Villager (Male) |
| 2:41 | Create | Villager (Male) |
| 3:22 | Create | Villager (Male) |
| 3:22 | Create | Villager (Male) |
| 3:28 | Build | House |
| 4:16 | Create | Villager (Male) |
| 4:16 | Create | Villager (Male) |
| 4:17 | Create | Villager (Male) |
| 4:17 | Create | Villager (Male) |
| 4:39 | Create | Villager (Male) |
| 4:51 | Build | Mill |
| 5:27 | Build | Palisade Wall |
| 5:31 | Create | Villager (Male) |
| 5:31 | Create | Villager (Male) |
| 6:07 | Create | Villager (Male) |
| 6:38 | Build | House |
| 6:47 | Create | Villager (Male) |
| 6:47 | Create | Villager (Male) |
| 6:48 | Create | Villager (Male) |
| 6:48 | Create | Villager (Male) |
| 7:35 | Create | Villager (Male) |
| 7:47 | Create | Villager (Male) |
| 7:51 | Build | Lumber Camp |
| 8:13 | Create | Villager (Male) |
| 8:13 | Create | Villager (Male) |
| 8:42 | Create | Villager (Male) |
| 8:43 | Create | Villager (Male) |
| 8:43 | Create | Villager (Male) |
| 10:01 | Build | House |
| 10:12 | Research | Feudal Age |
| 10:30 | Build | House |
| 10:31 | Build | Barracks |
| 10:41 | Build | House |
| 11:18 | Build | House |
| 12:20 | Build | Mining Camp |
| 12:22 | Age | Feudal Age |
| 12:25 | Create | Villager (Male) ×5 |
| 12:38 | Build | Stone Wall |
| 13:16 | Build | Blacksmith |
| 13:18 | Build | Archery Range |
| 13:32 | Build | Farm |
| 13:51 | Build | Farm |
| 13:54 | Build | Farm |
| 14:13 | Build | Mining Camp |
| 14:18 | Build | Farm |
| 14:38 | Create | Villager (Male) |
| 14:47 | Build | Farm |
| 15:01 | Create | Villager (Male) |
| 15:14 | Build | Barracks |
| 15:19 | Create | Villager (Male) |
| 15:22 | Build | Farm |
| 15:46 | Build | Farm |
| 15:47 | Create | Villager (Male) |
| 16:06 | Build | Farm |
| 16:10 | Create | Villager (Male) |
| 16:35 | Build | House |
| 16:38 | Create | Villager (Male) |
| 16:59 | Build | Stone Wall |
| 17:20 | Build | Stone Wall |
| 17:29 | Create | Villager (Male) |
| 17:34 | Research | Castle Age |
| 17:42 | Build | Farm |
| 17:43 | Build | Farm |
| 17:48 | Research | Man-at-Arms (upgrade) |
| 17:52 | Research | Double-Bit Axe |
| 18:35 | Create | Militia ×3 |
| 18:44 | Build | House |
| 18:48 | Research | Forging |
| 19:13 | Create | Militia |
| 19:22 | Create | Militia |
| 19:47 | Build | Stone Wall |
| 20:02 | Create | Militia |
| 20:03 | Create | Militia |
| 20:04 | Create | Militia |
| 20:04 | Create | Militia |
| 20:05 | Create | Militia |
| 20:05 | Create | Militia |
| 20:05 | Create | Militia |
| 20:34 | Age | Castle Age |
| 20:35 | Build | Siege Workshop |
| 20:42 | Create | Villager (Male) ×2 |
| 20:53 | Build | House |
| 21:14 | Research | Long Swordsman (upgrade) |
| 21:34 | Create | Battering Ram |
| 21:34 | Create | Battering Ram |
| 21:51 | Build | Stone Wall |
| 21:57 | Build | Stone Wall |
| 21:59 | Create | Villager (Male) |
| 21:59 | Create | Villager (Male) |
| 22:04 | Build | House |
| 22:04 | Build | House |
| 22:07 | Create | Battering Ram |
| 22:28 | Build | Mining Camp |
| 22:35 | Create | Battering Ram |
| 22:59 | Create | Villager (Male) |
| 23:05 | Build | House |
| 23:06 | Build | House |
| 23:23 | Create | Militia |
| 23:23 | Create | Militia |
| 23:23 | Create | Militia |
| 23:24 | Create | Militia |
| 23:24 | Create | Militia |
| 23:24 | Create | Militia |
| 23:42 | Build | Town Center |
| 23:51 | Create | Villager (Male) |
| 23:51 | Create | Villager (Male) |
| 24:00 | Create | Battering Ram |
| 24:09 | Create | Militia |
| 24:14 | Create | Militia |
| 24:22 | Build | House |
| 24:44 | Create | Militia |
| 24:44 | Create | Militia |
| 24:44 | Create | Militia |
| 24:53 | Build | House |
| 24:55 | Create | Villager (Male) |
| 24:58 | Build | Farm |
| 25:13 | Create | Villager (Male) |
| 25:36 | Create | Militia |
| 26:23 | Research | Pikeman (upgrade) |
| 26:51 | Build | Stone Wall |
| 27:49 | Research | Elite Skirmisher (upgrade) |
| 27:56 | Create | Villager (Male) |
| 27:57 | Create | Villager (Male) |
| 27:57 | Create | Villager (Male) |
| 27:58 | Create | Villager (Male) |
| 27:58 | Create | Villager (Male) |
| 27:58 | Create | Villager (Male) |
| 27:59 | Create | Villager (Male) |
| 28:03 | Build | House |
| 28:06 | Build | Farm |
| 28:27 | Create | Spearman ×5 |
| 28:48 | Build | Farm |
| 28:50 | Build | Farm |
| 28:54 | Build | Farm |
| 28:57 | Build | Farm |
| 29:40 | Create | Spearman ×5 |
| 29:40 | Create | Spearman ×5 |
| 29:47 | Build | Farm |
| 29:49 | Build | Farm |
| 30:03 | Create | Battering Ram |
| 30:03 | Create | Battering Ram |
| 30:14 | Create | Villager (Male) ×4 |
| 30:31 | Build | Castle |
| 31:01 | Build | Stone Wall |
| 31:42 | Build | Castle |
Build order — buraktan86
0 actions detected in the replay
Build order — Arcanis
First 150 of 365 actions detected
| 0:04 | Build | House |
| 0:05 | Build | House |
| 0:06 | Build | House |
| 0:09 | Create | Villager (Male) |
| 0:10 | Research | Loom |
| 0:11 | Create | Villager (Male) ×3 |
| 0:11 | Create | Villager (Male) ×3 |
| 0:33 | Build | Palisade Wall |
| 1:38 | Build | Palisade Gate |
| 1:49 | Build | House |
| 1:52 | Build | House |
| 2:21 | Build | House |
| 2:38 | Create | Villager (Male) |
| 2:39 | Create | Villager (Male) |
| 3:18 | Create | Villager (Male) |
| 3:18 | Create | Villager (Male) |
| 3:41 | Create | Villager (Male) |
| 3:41 | Create | Villager (Male) |
| 4:18 | Create | Villager (Male) |
| 4:18 | Create | Villager (Male) |
| 4:18 | Create | Villager (Male) |
| 5:10 | Create | Villager (Male) |
| 5:10 | Create | Villager (Male) |
| 5:51 | Create | Villager (Male) |
| 5:51 | Create | Villager (Male) |
| 6:11 | Build | Mining Camp |
| 6:25 | Create | Villager (Male) |
| 6:26 | Create | Villager (Male) |
| 6:46 | Create | Villager (Male) |
| 6:46 | Create | Villager (Male) |
| 6:46 | Create | Villager (Male) |
| 8:49 | Create | Villager (Male) |
| 8:49 | Create | Villager (Male) |
| 8:49 | Create | Villager (Male) |
| 8:50 | Create | Villager (Male) |
| 8:50 | Create | Villager (Male) |
| 9:00 | Build | Mill |
| 10:37 | Build | Lumber Camp |
| 11:00 | Create | Villager (Male) |
| 11:00 | Create | Villager (Male) |
| 11:11 | Build | Mill |
| 11:37 | Research | Feudal Age |
| 12:24 | Build | Barracks |
| 12:27 | Create | Villager (Male) |
| 12:27 | Create | Villager (Male) |
| 14:00 | Age | Feudal Age |
| 14:06 | Build | Stable |
| 14:13 | Research | Double-Bit Axe |
| 14:54 | Build | Dock |
| 15:09 | Create | Scout Cavalry |
| 15:13 | Create | Scout Cavalry ×5 |
| 15:39 | Research | Town Watch |
| 15:40 | Research | Wheelbarrow |
| 15:41 | Create | Villager (Male) |
| 15:42 | Create | Villager (Male) |
| 16:02 | Build | Mill |
| 16:11 | Build | Watch Tower |
| 16:21 | Build | Stable |
| 16:28 | Research | Bloodlines |
| 17:00 | Build | Farm |
| 17:02 | Build | Farm |
| 17:03 | Build | Farm |
| 17:36 | Create | Scout Cavalry ×4 |
| 18:07 | Build | Farm |
| 18:08 | Build | Farm |
| 18:09 | Build | Farm |
| 18:11 | Create | Villager (Male) |
| 18:18 | Build | Farm |
| 18:33 | Build | House |
| 18:35 | Build | House |
| 18:39 | Create | Villager (Male) |
| 18:46 | Build | Farm |
| 20:23 | Create | Villager (Male) ×5 |
| 20:30 | Build | Farm |
| 20:32 | Build | Farm |
| 20:33 | Build | Farm |
| 20:35 | Build | Farm |
| 20:36 | Build | Farm |
| 20:42 | Research | Horse Collar |
| 20:56 | Build | Market |
| 21:32 | Build | Mining Camp |
| 22:07 | Build | Blacksmith |
| 22:09 | Build | Farm |
| 22:14 | Create | Villager (Male) |
| 22:14 | Create | Villager (Male) |
| 24:05 | Research | Castle Age |
| 24:12 | Research | Gold Mining |
| 24:24 | Build | House |
| 24:26 | Build | House |
| 24:27 | Build | House |
| 24:44 | Create | Trade Cart |
| 24:45 | Create | Trade Cart |
| 24:51 | Research | Forging |
| 24:56 | Research | Stone Mining |
| 26:45 | Age | Castle Age |
| 27:08 | Build | Town Center |
| 27:37 | Build | Siege Workshop |
| 27:44 | Create | Trade Cart |
| 27:44 | Create | Trade Cart |
| 27:46 | Create | Villager (Male) ×5 |
| 27:57 | Research | Bow Saw |
| 28:10 | Research | Light Cavalry (upgrade) |
| 28:27 | Build | Siege Workshop |
| 29:14 | Build | Town Center |
| 29:36 | Build | Mining Camp |
| 29:42 | Create | Villager (Male) ×5 |
| 30:11 | Build | Mining Camp |
| 30:21 | Build | Farm |
| 30:23 | Build | Farm |
| 30:25 | Build | Farm |
| 30:26 | Build | Farm |
| 31:05 | Build | Castle |
| 31:23 | Create | Villager (Male) ×2 |
| 31:37 | Create | Villager (Male) |
| 31:37 | Create | Villager (Male) |
| 31:44 | Build | Farm |
| 31:45 | Build | Farm |
| 31:46 | Build | Farm |
| 31:51 | Build | Farm |
| 31:53 | Build | Farm |
| 32:05 | Create | Villager (Male) ×2 |
| 32:37 | Create | Villager (Male) ×4 |
| 32:57 | Build | Stone Wall |
| 33:45 | Create | Petard |
| 33:45 | Create | Petard |
| 33:46 | Create | Mangudai |
| 33:46 | Create | Mangudai |
| 33:47 | Create | Mangudai |
| 33:56 | Research | Hand Cart |
| 33:59 | Create | Villager (Male) |
| 34:11 | Build | Farm |
| 34:11 | Build | Farm |
| 34:12 | Build | Farm |
| 34:14 | Build | Farm |
| 34:14 | Build | Farm |
| 34:16 | Build | Farm |
| 34:18 | Research | Heavy Plow |
| 34:50 | Create | Petard |
| 34:51 | Create | Petard |
| 34:56 | Create | Battering Ram |
| 34:56 | Create | Battering Ram |
| 35:10 | Create | Trade Cart ×2 |
| 35:23 | Build | Stone Wall |
| 35:43 | Create | Mangonel |
| 35:43 | Create | Mangonel |
| 35:52 | Create | Villager (Male) ×5 |
| 35:55 | Create | Villager (Male) ×5 |
| 36:36 | Build | Castle |
| 36:44 | Build | Mining Camp |
| 36:51 | Build | Farm |
Match timeline
| 0:22 | buraktan86 · resign |
| 0:33 | Arcanis · wall_segment Palisade Wall x16 |
| 0:34 | GRONEMALAGA · wall_segment Palisade Wall x16 |
| 0:35 | Setroc · wall_segment Palisade Wall x17 |
| 5:27 | Setroc · wall_segment Palisade Wall x12 |
| 10:31 | Setroc · first_building Barracks |
| 12:22 | Setroc · age_up feudal |
| 12:24 | Arcanis · first_building Barracks |
| 12:38 | Setroc · wall_segment Stone Wall x12 |
| 13:18 | Setroc · first_building Archery Range |
| 14:00 | Arcanis · age_up feudal |
| 14:06 | Arcanis · first_building Stable |
| 14:54 | Arcanis · first_building Dock |
| 15:15 | GRONEMALAGA · age_up feudal |
| 16:23 | GRONEMALAGA · wall_segment Stone Wall x15 |
| 16:59 | Setroc · wall_segment Stone Wall x9 |
| 17:20 | Setroc · wall_segment Stone Wall x21 |
| 19:04 | GRONEMALAGA · wall_segment Stone Wall x14 |
| 19:19 | GRONEMALAGA · age_up castle |
| 19:47 | Setroc · wall_segment Stone Wall x10 |
| 20:34 | Setroc · age_up castle |
| 20:35 | Setroc · first_building Siege Workshop |
| 21:51 | Setroc · wall_segment Stone Wall x12 |
| 21:57 | Setroc · wall_segment Stone Wall x3 |
| 22:43 | GRONEMALAGA · first_building Barracks |
| 23:25 | Arcanis · first_market_sell 100 wood |
| 23:26 | Arcanis · first_market_buy 100 food |
| 23:55 | GRONEMALAGA · first_building Monastery |
| 24:25 | GRONEMALAGA · first_building Stable |
| 25:36 | GRONEMALAGA · first_building Archery Range |
| 26:13 | GRONEMALAGA · wall_segment Stone Wall x13 |
| 26:45 | Arcanis · age_up castle |
| 26:51 | Setroc · wall_segment Stone Wall x5 |
| 27:22 | GRONEMALAGA · first_building Siege Workshop |
| 27:37 | Arcanis · first_building Siege Workshop |
| 28:02 | GRONEMALAGA · wall_segment Stone Wall x1 |
| 28:08 | GRONEMALAGA · wall_segment Stone Wall x1 |
| 28:28 | GRONEMALAGA · wall_segment Stone Wall x1 |
| 30:31 | Setroc · first_building Castle |
| 31:01 | Setroc · wall_segment Stone Wall x27 |
| 31:05 | Arcanis · first_building Castle |
| 32:57 | Arcanis · wall_segment Stone Wall x16 |
| 35:23 | Arcanis · wall_segment Stone Wall x14 |
| 36:09 | Setroc · wall_segment Stone Wall x17 |
| 37:35 | Setroc · wall_segment Stone Wall x17 |
| 40:14 | GRONEMALAGA · first_building Castle |
| 41:17 | Setroc · first_building Monastery |
| 42:03 | Arcanis · first_building Monastery |
| 43:13 | Setroc · age_up imperial |
| 43:36 | Setroc · wall_segment Stone Wall x24 |
| 44:10 | Setroc · wall_segment Stone Wall x14 |
| 44:46 | Setroc · wall_segment Stone Wall x8 |
| 45:20 | Arcanis · age_up imperial |
| 47:53 | Setroc · wall_segment Stone Wall x25 |
| 48:45 | Arcanis · first_building Archery Range |
| 49:07 | Setroc · wall_segment Stone Wall x25 |
| 50:22 | GRONEMALAGA · age_up imperial |
| 55:10 | GRONEMALAGA · first_market_sell 100 food |
| 64:49 | Setroc · wall_segment Stone Wall x23 |
[ AI ANALYSIS · 1 CREDIT ]
What really happened in this match?
Wolo.gg analyzes every decision: build order, eco, micro, common mistakes by bracket. Personalized analysis on WhatsApp or Discord in 30 seconds.
Civ guide
Poles
Map guide
Black Forest
Perfil
GRONEMALAGA